Cogmind - Beta 10 @@@ ROGUE MODE // 2020.09.18 @ 23:17:32 Player: Joel Result: Escaped! Performance ------------- Evolutions (9) 4500 Regions Visited (13) 2600 Robots Destroyed (112) 560 Value Destroyed (3247) 3247 Prototype IDs (21) 420 Alien Tech Used (0) 0 Bonus (3375) 3375 TOTAL SCORE: 14702 Bonus ------- High Alert Combat Kills 75 Aligned with FarCom 300 Win 3000 Cogmind --------- Core Integrity 1345/1600 Matter 15/300 Energy 127/130 System Corruption 2% Temperature Cool (125) Movement Flying (30) Location To Epsilon Eridani Parts ------- > --- POWER (2) -------- Mini Fusion Reactor > --- PROPULSION (8) --- Field Propulsion Array Field Propulsion Array Improved Diametric Drive > --- UTILITY (13) ----- Medium Storage Unit Large Storage Unit Advanced Melee Analysis Suite Advanced Target Analyzer Advanced Transmission Jammer Improved Hacking Suite Improved Hacking Suite Improved System Shield > --- WEAPON (2) ------- Guided Micro-nuke Launcher > --- INVENTORY (14) --- Cooled Cesium-ion Thruster Impulse Thruster Field Propulsion Array Field Propulsion Array Large Storage Unit Advanced Transmission Jammer Layered Heavy Armor Plating Antimissile System Chainsword Peak State ------------ > --- POWER ------------ Mini Fusion Reactor Light Particle Reactor > --- PROPULSION ------- Impulse Thruster Field Propulsion Array Field Propulsion Array Field Propulsion Array Improved Diametric Drive > --- UTILITY ---------- Medium Storage Unit Large Storage Unit Advanced Melee Analysis Suite Advanced Target Analyzer Advanced Transmission Jammer Reaction Control System Improved Hacking Suite Improved Hacking Suite Improved System Shield Advanced Drone Bay > --- WEAPON ----------- Guided Micro-nuke Launcher > --- INVENTORY -------- Cooled Cesium-ion Thruster Impulse Thruster Field Propulsion Array Field Propulsion Array Large Storage Unit Advanced Transmission Jammer Layered Heavy Armor Plating Antimissile System Chainsword [Rating: 156] Favorites ----------- Power Micro Nuclear Core Engine Ion Engine Power Core Micro Nuclear Core Reactor Mini Fusion Reactor Propulsion Field Propulsion Array Wheel Wheel Flight Unit Field Propulsion Array Utility Improved Hacking Suite Device Cloak of Protection Storage Medium Storage Unit Processor Advanced Melee Analysis Suite Hackware Improved Hacking Suite Protection Improved Light Armor Plating Weapon Chainsword Energy Gun Heavy EM Pulse Gun Energy Cannon Plasma Cannon Ballistic Gun Heavy Assault Rifle Ballistic Cannon Light Cannon Launcher Guided Micro-nuke Launcher Special Weapon Mining Laser Slashing Weapon Chainsword Piercing Weapon Force Lance Build | -11 -10 -10 -10 -9 -8 -7 -6 -5 -4 -3 -2 -1 -1 ------- Run | Scr Mat Min Exi Min Mat Fac Fac Fac Fac Res Res Acc Com Slots Evolved 18 | . . . . . 4 2 2 2 2 2 2 2 . Power 1 | . . . . . . 1 . . . . . . . Propulsion 6 | . . . . . 2 1 . . 1 . 1 1 . Utility 11 | . . . . . 2 . 2 2 1 2 1 1 . Weapon . | . . . . . . . . . . . . . . Parts Attached 178 | 6 11 2 5 5 35 36 13 5 18 24 4 3 11 Power 21 | 1 1 . . . 2 4 1 1 7 3 . . 1 Engine 3 | 1 1 . . . 1 . . . . . . . . Core 11 | . . . . . 1 4 1 1 3 1 . . . Reactor 7 | . . . . . . . . . 4 2 . . 1 Propulsion 45 | 2 2 . . 4 11 10 3 1 2 3 1 1 5 Treads . | . . . . . . . . . . . . . . Leg . | . . . . . . . . . . . . . . Wheel 17 | 2 2 . . 4 9 . . . . . . . . Hover . | . . . . . . . . . . . . . . Flight 28 | . . . . . 2 10 3 1 2 3 1 1 5 Utility 56 | 1 3 . 5 . 6 10 6 3 9 9 . 2 2 Device 18 | . . . 3 . . 2 . 1 8 3 . . 1 Storage 15 | 1 2 . 1 . 5 1 1 1 1 2 . . . Processor 7 | . 1 . 1 . 1 . 1 1 . 2 . . . Hackware 9 | . . . . . . 2 4 . . 1 . 1 1 Protection 7 | . . . . . . 5 . . . 1 . 1 . Artifact . | . . . . . . . . . . . . . . Weapon 56 | 2 5 2 . 1 16 12 3 . . 9 3 . 3 Energy Gun 6 | . 1 1 . . 4 . . . . . . . . Energy Cannon 3 | . . . . . 3 . . . . . . . . Ballistic Gun 14 | 2 . 1 . 1 5 5 . . . . . . . Ballistic Cannon 2 | . 2 . . . . . . . . . . . . Launcher 11 | . . . . . 3 2 . . . 3 1 . 2 Special Weapon 2 | . 2 . . . . . . . . . . . . Impact Weapon . | . . . . . . . . . . . . . . Slashing Weapon 12 | . . . . . 1 5 3 . . 2 . . 1 Piercing Weapon 6 | . . . . . . . . . . 4 2 . . Special Melee Weapon . | . . . . . . . . . . . . . . Unidentified Prototypes 17 | . . . 3 . 4 3 . 1 2 2 1 . 1 Parts Lost 33 | . . 1 . 8 5 1 . . 2 7 . 4 5 Power 5 | . . . . 1 . . . . . 2 . 1 1 Propulsion 15 | . . . . 4 4 1 . . . 3 . 1 2 Utility 8 | . . . . . . . . . 2 2 . 2 2 Weapon 5 | . . 1 . 3 1 . . . . . . . . Highest Loss Streak 8 | . . 1 . 8 1 1 . . 1 3 . 4 4 Average Slot Usage (%) 86 | . 98 100 94 86 85 91 89 82 82 76 73 72 70 Engine 3 | . 14 14 14 10 2 . . . . . . . . Core 5 | . . . . . 2 14 13 11 5 . 4 3 . Reactor 1 | . . . . . . . . . 4 7 4 4 7 Wheel 12 | . 28 28 28 24 29 . . . . . . . . Flight 12 | . . . . . . 37 30 17 15 13 17 15 19 Device 4 | . . . . . . 3 6 4 13 6 8 8 10 Storage 16 | . 19 14 18 28 31 10 6 6 10 10 8 8 8 Processor 5 | . 7 14 4 . 1 . 3 10 5 9 8 8 8 Hackware 8 | . . . . . . 12 20 17 15 16 13 11 9 Energy Gun 3 | . 2 14 14 10 4 . . . . . . . . Energy Cannon 1 | . . . . . 5 . . . . . . . . Ballistic Gun 4 | . 16 6 14 11 6 1 . . . . . . . Ballistic Cannon 1 | . 8 7 . . . . . . . . . . . Slashing Weapon 3 | . . . . . 1 5 7 11 10 4 . . . Naked Turns . | . . . . . . . . . . . . . . Heaviest Build 103 | 10 43 44 60 60 103 35 35 43 56 66 69 89 71 Greatest Support 89 | 26 32 32 32 32 46 33 54 58 69 69 77 89 88 Greatest Overweight (x) 10 | . 1 1 1 3 10 1 . . . . . . . Average Overweight (x) . | . . 1 1 1 2 . . . . . . . . Largest Inventory Capacity 30 | 6 12 12 18 18 30 30 8 12 18 24 14 14 14 Average Capacity 14 | 5 10 12 13 18 26 8 8 9 12 15 14 14 14 Most Carried 30 | 5 12 12 13 16 30 30 8 11 12 18 14 13 14 Average Carried 13 | 2 8 11 11 13 24 7 7 8 11 14 13 11 11 Final Capacity 30 | 6 12 12 18 18 30 8 8 12 14 14 14 14 14 Final Carried 30 | 5 12 11 13 12 30 8 8 10 12 14 12 13 12 Class Distribution -------------------- 29% | Hacker-Sprinter 22% | Mutant 21% | Hacker-Mutant 18% | Hauler-Mutant 4% | Sprinter 3% | Scavenger-Mutant Dominant Class ---------------- Mutant | -10/Materials Mutant | -10/Mines Mutant | -10/Exiles Mutant | -9/Mines Hauler-Mutant | -8/Materials Hacker-Sprinter | -7/Factory Hacker-Sprinter | -6/Factory Hacker-Sprinter | -5/Factory Hacker-Mutant | -4/Factory Hacker-Mutant | -3/Research Hacker-Sprinter | -2/Research Hacker-Sprinter | -1/Access Hacker-Sprinter | -1/Command Resources | -11 -10 -10 -10 -9 -8 -7 -6 -5 -4 -3 -2 -1 -1 ----------- Run | Scr Mat Min Exi Min Mat Fac Fac Fac Fac Res Res Acc Com Matter Collected 2741 | 238 340 114 50 52 672 249 201 136 193 311 . 81 104 Remotely . | . . . . . . . . . . . . . . Salvage Created 4607 | 124 378 221 . 144 1636 213 201 203 500 859 . 128 . Parts 294 | 7 12 9 . 9 121 20 16 10 18 67 . 5 . Haulers Intercepted 13 | . 1 . . . 6 . 1 1 3 1 . . . Recyclers Shooed 4 | . 2 . . 1 1 . . . . . . . . Parts Field Recycled . | . . . . . . . . . . . . . . Retrieved Matter . | . . . . . . . . . . . . . . Parts Self-Destructed . | . . . . . . . . . . . . . . Prevented . | . . . . . . . . . . . . . . Kills | -11 -10 -10 -10 -9 -8 -7 -6 -5 -4 -3 -2 -1 -1 ------- Run | Scr Mat Min Exi Min Mat Fac Fac Fac Fac Res Res Acc Com Combat Hostiles Destroyed 61 | . 6 5 . 4 28 3 2 2 2 9 . . . Melee 14 | . . . . . . 1 2 2 2 7 . . . Guns 24 | . 2 4 . 4 12 2 . . . . . . . Cannons 10 | . 4 . . . 6 . . . . . . . . AOE 12 | . . 1 . . 9 . . . . 2 . . . Classes Destroyed 13 | 2 3 . . 2 5 1 . . . . . . . Worker 6 | . 1 1 . . 2 . . . . 2 . . . Builder 10 | . . . . . 4 . . . . 6 . . . Tunneler 2 | 1 . . . . . 1 . . . . . . . Hauler 13 | . 1 . . . 6 . 1 1 3 1 . . . Recycler 7 | 1 1 . . 1 2 . . . 1 1 . . . Operator 7 | . . . . . 1 3 1 1 . . . 1 . Watcher 6 | . . . . . 2 . . . . 2 . 2 . Swarmer 18 | . . . . 3 15 . . . . . . . . Grunt 14 | . 6 5 . . 3 . . . . . . . . Sentry 10 | . . . . . 8 . . . . 2 . . . Hunter 2 | . . . . . 2 . . . . . . . . Programmer 16 | . . . . . . 3 2 2 2 7 . . . Assembled 1 | . . . . 1 . . . . . . . . . Best Kill Streak 8 | 2 3 3 . 4 8 2 2 2 2 5 . 2 . Combat Bots Only 5 | . 2 3 . 3 5 2 1 2 2 3 . . . Max Kills in Single Turn 4 | 1 1 1 . 1 4 1 1 1 1 2 . 1 . Gunslinging . | . . . . . . . . . . . . . . Exploded 3 | . . 1 . . 3 . . . . 1 . . . Melee 1 | . . . . . . 1 1 1 1 1 . . . Uniques/NPCs Destroyed . | . . . . . . . . . . . . . . Combat | -11 -10 -10 -10 -9 -8 -7 -6 -5 -4 -3 -2 -1 -1 -------- Run | Scr Mat Min Exi Min Mat Fac Fac Fac Fac Res Res Acc Com Damage Taken 5566 | . 233 195 . 605 731 377 131 293 228 1177 . 640 956 Core 848 | . 47 24 . 130 132 61 14 40 . 145 . 41 214 Absorbed by Shields 14 | . . . . . . . . 14 . . . . . Core Remaining (%) 85 | 100 . . . 19 76 91 98 96 100 88 100 . 84 Volleys Fired 212 | 5 43 16 . 11 106 10 . . . 13 . . 8 Largest 2 | 2 2 2 . 2 2 2 . . . 1 . . 1 Hottest 135 | 40 135 80 . 78 130 51 . . . 46 . . 55 Shots Fired 383 | 10 85 32 . 22 198 16 . . . 12 . . 8 Gun 264 | 10 55 23 . 22 138 16 . . . . . . . Cannon 83 | . 27 9 . . 47 . . . . . . . . Launcher 33 | . . . . . 13 . . . . 12 . . 8 Special 3 | . 3 . . . . . . . . . . . . Kinetic 208 | 10 77 16 . 11 78 16 . . . . . . . Thermal 75 | . 3 . . . 72 . . . . . . . . Explosive 20 | . . . . . . . . . . 12 . . 8 Electromagnetic 80 | . 5 16 . 11 48 . . . . . . . . Robot Hit Streak 17 | 2 8 7 . 17 10 6 . . . . . . . Robot Miss Streak 5 | 1 3 4 . 1 5 2 . . . . . . . Penetration Max 1 | . . . . . 1 . . . . . . . . Secondary Targets 1 | . . . . . 1 . . . . . . . . Max Gunslinging Chain 1 | . . . . . 1 . . . . . . . . Shots Hit Robots 296 | 6 46 19 . 18 112 19 11 15 15 32 . 3 . Core Hits 163 | 4 12 8 . 6 60 9 4 6 6 36 . 3 9 Critical Hits 7 | . . . . . . 1 . . . 4 . 2 . Critical Kills 3 | . . . . . . . . . . 1 . 2 . Critical Parts Destroyed 4 | . . . . . . 1 . . . 3 . . . Melee Attacks 255 | . . . . . 3 48 21 31 39 74 3 21 15 Impact . | . . . . . . . . . . . . . . Slashing 163 | . . . . . 3 48 21 31 39 17 . . 4 Piercing 92 | . . . . . . . . . . 57 3 21 11 Sneak Attacks 17 | . . . . . . 3 1 2 5 5 . 1 . Combat Hostiles . | . . . . . . . . . . . . . . Follow-up Attacks 13 | . . . . . . . 1 3 3 6 . . . Damage Inflicted 11528 | 78 634 340 . 291 2746 795 503 776 1063 2814 . 216 1272 Guns 2743 | 78 365 217 . 270 1572 241 . . . . . . . Cannons 981 | . 269 67 . . 645 . . . . . . . . Explosions 2724 | . . 56 . 21 521 . . . . 854 . . 1272 Melee 5072 | . . . . . . 554 503 776 1063 1960 . 216 . Ramming 8 | . . . . . 8 . . . . . . . . Kinetic 2065 | 78 570 112 . 129 935 241 . . . . . . . Thermal 1116 | . . 56 . 21 1039 . . . . . . . . Explosive 2126 | . . . . . . . . . . 854 . . 1272 Electromagnetic 1141 | . 64 172 . 141 764 . . . . . . . . Impact . | . . . . . . . . . . . . . . Slashing 3124 | . . . . . . 554 503 776 1063 228 . . . Piercing 1948 | . . . . . . . . . . 1732 . 216 . Highest Corruption 11 | . 1 1 1 11 1 1 1 2 3 10 . . 2 Average Corruption 1 | . 1 1 1 3 1 1 1 1 2 3 . . 1 Corruption Purged . | . . . . . . . . . . . . . . Effects 59 | . 1 1 2 8 3 4 2 . 16 21 . . 1 Message Errors 20 | . . . 1 3 3 4 1 . 5 3 . . . Matter Fused 7 | . . . . 1 . . . . 4 2 . . . Energy Discharges 13 | . 1 . 1 3 . . 1 . 4 3 . . . Data Loss (minor) 6 | . . . . . . . . . 2 4 . . . Alerts 1 | . . . . . . . . . . 1 . . . Misdirections 2 | . . . . . . . . . . 2 . . . Targeting Errors 9 | . . 1 . 1 . . . . 1 5 . . 1 Weapon Failures 1 | . . . . . . . . . . 1 . . . Overload Shots . | . . . . . . . . . . . . . . Overflow Damage 319 | . 3 1 . . 19 113 28 5 38 64 . . 48 Projectiles 19 | . 3 1 . . 15 . . . . . . . . Explosions 70 | . . . . . 4 . . . . 18 . . 48 Melee 230 | . . . . . . 113 28 5 38 46 . . . Knockbacks 2 | . 1 1 . . . . . . . . . . . Impact . | . . . . . . . . . . . . . . Kinetic 2 | . 1 1 . . . . . . . . . . . Secondary . | . . . . . . . . . . . . . . Self-Inflicted Damage 179 | . . 48 . 24 4 . . . . 79 . . 24 Shots 4 | . . 1 . 1 . . . . . 1 . . 1 Rammed 1 | . . . . . 1 . . . . . . . . Targets Rammed 1 | . . . . . 1 . . . . . . . . Kicked . | . . . . . . . . . . . . . . Crushed . | . . . . . . . . . . . . . . Highest Temperature 327 | . 197 195 . 93 186 312 229 2 308 116 84 300 327 Average Temperature 70 | . 66 68 . 35 40 94 63 2 89 26 48 81 108 Received Heat Transfer 711 | . 132 84 . 300 126 18 . 6 9 27 . 9 . Effects 15 | . . . . . . 4 . . 1 . . 5 5 Energy Bleed 6 | . . . . . . 2 . . 1 . . 2 1 Interference 6 | . . . . . . 1 . . . . . 3 2 Matter Decay 1 | . . . . . . . . . . . . . 1 Short Circuit 1 | . . . . . . 1 . . . . . . . Damage (minor) 1 | . . . . . . . . . . . . . 1 Siege Activations . | . . . . . . . . . . . . . . Robots Corrupted 1 | . . . . . 1 . . . . . . . . Combat Hostiles 1 | . . . . . 1 . . . . . . . . Parts Fried 2 | . 1 . . . 1 . . . . . . . . Impact Corruptions . | . . . . . . . . . . . . . . Robots Melted . | . . . . . . . . . . . . . . Combat Hostiles . | . . . . . . . . . . . . . . Parts Melted 2 | . . . . . 2 . . . . . . . . Heat Transferred 1981 | . . . . 50 1931 . . . . . . . . Parts Sabotaged . | . . . . . . . . . . . . . . Parts Stolen . | . . . . . . . . . . . . . . Parts Stripped . | . . . . . . . . . . . . . . Power Chain Reactions 6 | . . 1 . 1 4 . . . . . . . . Missiles Intercepted . | . . . . . . . . . . . . . . Alert | -11 -10 -10 -10 -9 -8 -7 -6 -5 -4 -3 -2 -1 -1 ------- Run | Scr Mat Min Exi Min Mat Fac Fac Fac Fac Res Res Acc Com Peak Influence 586 | 10 179 110 . 75 586 490 225 93 127 459 360 454 528 Initial 264 | . 6 . . . . 245 198 . 45 21 258 216 264 Average 141 | 3 79 36 . 40 264 144 50 14 59 195 307 292 356 Maximum Alert Level 2 | . . . . . 2 2 1 . . 2 1 2 2 Low Security (%) 73 | 100 100 100 . 100 50 67 94 100 100 59 . . . Level 1 15 | . . . . . 13 26 5 . . 30 100 93 73 Level 2 11 | . . . . . 35 6 . . . 9 . 6 26 Level 3 . | . . . . . . . . . . . . . . Level 4 . | . . . . . . . . . . . . . . Level 5 . | . . . . . . . . . . . . . . High Security . | . . . . . . . . . . . . . . Max Security . | . . . . . . . . . . . . . . Squads Dispatched 34 | . 1 1 . . 5 7 4 3 5 5 3 . . Investigation 13 | . . 1 . . 3 3 3 . 1 . 2 . . Extermination 10 | . . . . . . 3 1 1 2 3 . . . Reinforcement 10 | . 1 . . . 1 1 . 2 2 2 1 . . Assault . | . . . . . . . . . . . . . . Garrison 1 | . . . . . 1 . . . . . . . . Intercept . | . . . . . . . . . . . . . . Construction Impeded 1 | . . . . . . . . . . 1 . . . Haulers Reinforced 1 | . . . . . . . . 1 . . . . . Stealth | -11 -10 -10 -10 -9 -8 -7 -6 -5 -4 -3 -2 -1 -1 --------- Run | Scr Mat Min Exi Min Mat Fac Fac Fac Fac Res Res Acc Com Distress Signals 13 | . 2 . . . 4 2 . 1 . 1 1 2 . Communications Jammed 39 | . . . . . . . . . 5 26 1 3 4 Distress Signals 39 | . . . . . . . . . 5 26 1 3 4 Times Spotted 252 | . 20 5 . 18 55 29 14 10 26 32 7 15 21 Peak Tracking Total 19 | . 3 2 . 8 6 10 4 5 4 6 6 10 19 Tactical Retreats 36 | . 2 1 . 3 2 6 4 1 2 10 . 4 1 Traps | -11 -10 -10 -10 -9 -8 -7 -6 -5 -4 -3 -2 -1 -1 ------- Run | Scr Mat Min Exi Min Mat Fac Fac Fac Fac Res Res Acc Com Traps Triggered 14 | . 1 . . . 3 2 1 2 1 1 . 3 . Indirectly . | . . . . . . . . . . . . . . Trap Hack Attempts . | . . . . . . . . . . . . . . Triggered . | . . . . . . . . . . . . . . Disarmed . | . . . . . . . . . . . . . . Reprogrammed . | . . . . . . . . . . . . . . Reused . | . . . . . . . . . . . . . . Traps Extracted . | . . . . . . . . . . . . . . Installed . | . . . . . . . . . . . . . . Triggered . | . . . . . . . . . . . . . . Machines | -11 -10 -10 -10 -9 -8 -7 -6 -5 -4 -3 -2 -1 -1 ---------- Run | Scr Mat Min Exi Min Mat Fac Fac Fac Fac Res Res Acc Com Machines Disabled 16 | . . 4 . . 4 1 1 . 1 . . 3 2 Max in Single Turn 1 | . . 1 . . 1 1 1 . 1 . . 1 1 Garrison Access 4 | . . . . . . . 1 . . 1 . 2 . Machines Sabotaged . | . . . . . . . . . . . . . . Garrisons Compromised . | . . . . . . . . . . . . . . Overloaded Fab Kills . | . . . . . . . . . . . . . . Fab Network Shutdowns 1 | . . . . . . 1 . . . . . . . Hacking | -11 -10 -10 -10 -9 -8 -7 -6 -5 -4 -3 -2 -1 -1 --------- Run | Scr Mat Min Exi Min Mat Fac Fac Fac Fac Res Res Acc Com Machines Accessed 74 | . 6 1 2 . 8 16 15 3 6 6 4 5 2 Terminals 55 | . 6 . . . 8 13 9 2 5 3 4 3 2 Fabricators 8 | . . . . . . 2 4 1 1 . . . . Repair Stations 3 | . . . . . . 1 1 . . 1 . . . Recycling Units . | . . . . . . . . . . . . . . Scanalyzers . | . . . . . . . . . . . . . . Garrison Access 5 | . . . . . . . 1 . . 2 . 2 . Total Hacks 204 | . 19 1 5 . 25 45 47 10 15 11 12 10 4 Successful 134 | . 10 1 5 . 15 31 35 6 10 6 7 5 3 Failed 69 | . 9 . . . 10 14 11 4 5 5 5 5 1 Catastrophic 11 | . 2 . . . 2 2 1 . 1 . 1 2 . Database Lockouts 1 | . . . . . . . 1 . . . . . . Manual 92 | . 14 . 1 . 15 21 19 6 3 4 4 3 2 Terminals 164 | . 19 . . . 25 37 34 8 13 6 12 6 4 Fabricators 21 | . . . . . . 7 10 2 2 . . . . Repair Stations 5 | . . . . . . 1 2 . . 2 . . . Recycling Units . | . . . . . . . . . . . . . . Scanalyzers . | . . . . . . . . . . . . . . Garrison Access 8 | . . . . . . . 1 . . 3 . 4 . Terminal Hacks 80 | . 4 1 5 . 11 18 17 4 8 3 5 2 2 Record 11 | . . . 5 . . 1 1 . 2 1 1 . . Part Schematic 4 | . . . . . . 2 2 . . . . . . Robot Analysis 2 | . . . . . 2 . . . . . . . . Prototype ID Bank 1 | . . . . . . 1 . . . . . . . Open Door 1 | . . 1 . . . . . . . . . . . Level Access Points 6 | . . . . . . 1 1 1 1 . 1 . 1 Branch Access Points 6 | . . . . . . 1 1 1 1 1 1 . . Emergency Access Points 1 | . . . . . . . 1 . . . . . . Machine Index 1 | . . . . . . . . . . . . 1 . Terminal Index 9 | . . . . . 1 1 1 1 1 1 1 1 1 Fabricator Index 1 | . . . . . . . 1 . . . . . . Scanalyzer Index 1 | . . . . . 1 . . . . . . . . Alert Level 8 | . 1 . . . 2 2 2 . 1 . . . . Unreport Threat 6 | . . . . . 1 2 3 . . . . . . Locate Traps 6 | . 1 . . . . 2 1 . 1 . 1 . . Hauler Manifests 3 | . . . . . 1 1 1 . . . . . . Registered Prototypes 1 | . . . . . . 1 . . . . . . . Zone Layout 12 | . 2 . . . 3 3 2 1 1 . . . . Fabricator Hacks 17 | . . . . . . 5 8 2 2 . . . . Load Schematic 9 | . . . . . . 3 4 1 1 . . . . Build 8 | . . . . . . 2 4 1 1 . . . . Repair Station Hacks 5 | . . . . . . 1 2 . . 2 . . . Scan Component 3 | . . . . . . 1 1 . . 1 . . . Repair 2 | . . . . . . . 1 . . 1 . . . Recycling Unit Hacks . | . . . . . . . . . . . . . . Scanalyzer . | . . . . . . . . . . . . . . Garrison Access Hacks 4 | . . . . . . . 1 . . 1 . 2 . Seal Access 4 | . . . . . . . 1 . . 1 . 2 . Unauthorized Hacks 28 | . 6 . . . 4 7 7 . . . 2 1 1 Terminals 28 | . 6 . . . 4 7 7 . . . 2 1 1 Track 7 | . 5 . . . . 1 1 . . . . . . Assimilate 8 | . . . . . . 4 3 . . . . . 1 Botnet 10 | . 1 . . . 3 2 2 . . . 1 1 . Operators 3 | . . . . . 1 . 1 . . . 1 . . Fabricators . | . . . . . . . . . . . . . . Repair Stations . | . . . . . . . . . . . . . . Recycling Units . | . . . . . . . . . . . . . . Scanalyzers . | . . . . . . . . . . . . . . Garrison Access . | . . . . . . . . . . . . . . Data Cores Recovered 1 | . . . . . . 1 . . . . . . . Used 1 | . . . . . . 1 . . . . . . . Hacking Detections 63 | . 6 . . . 8 15 13 1 5 4 4 5 2 Full Trace Events 10 | . . . . . 1 3 3 . 1 . 2 . . Feedback Events . | . . . . . . . . . . . . . . Feedback Blocked . | . . . . . . . . . . . . . . Robot Schematics Acquired . | . . . . . . . . . . . . . . Robots Built . | . . . . . . . . . . . . . . Matter . | . . . . . . . . . . . . . . Time . | . . . . . . . . . . . . . . Total Robot Build Rating . | . . . . . . . . . . . . . . Part Schematics Acquired 4 | . . . . . . 2 2 . . . . . . Parts Built 8 | . . . . . . 2 4 2 . . . . . Matter 1454 | . . . . . . 372 614 234 234 . . . . Time 425 | . . . . . . 98 152 117 58 . . . . Total Part Build Rating 42 | . . . . . . 4 24 14 . . . . . Parts Repaired 2 | . . . . . . . 1 . . 1 . . . Time 56 | . . . . . . . 25 . . 31 . . . Parts Recycled . | . . . . . . . . . . . . . . Recycled Matter . | . . . . . . . . . . . . . . Retrieved Matter . | . . . . . . . . . . . . . . Retrieved Components . | . . . . . . . . . . . . . . Parts Scanalyzed . | . . . . . . . . . . . . . . Part Schematics Acquired . | . . . . . . . . . . . . . . Parts Damaged . | . . . . . . . . . . . . . . Bothacking | -11 -10 -10 -10 -9 -8 -7 -6 -5 -4 -3 -2 -1 -1 ------------ Run | Scr Mat Min Exi Min Mat Fac Fac Fac Fac Res Res Acc Com Used RIF Installer . | . . . . . . . . . . . . . . Robots Hacked . | . . . . . . . . . . . . . . Non-combat . | . . . . . . . . . . . . . . Combat . | . . . . . . . . . . . . . . Robot Hacks Applied . | . . . . . . . . . . . . . . Relay Couplers Released . | . . . . . . . . . . . . . . Robots Rewired . | . . . . . . . . . . . . . . Allies Hacked 1 | . . . . . . . 1 . . . . . . Hacks Repelled . | . . . . . . . . . . . . . . Allies | -11 -10 -10 -10 -9 -8 -7 -6 -5 -4 -3 -2 -1 -1 -------- Run | Scr Mat Min Exi Min Mat Fac Fac Fac Fac Res Res Acc Com Total Allies 7 | . . . . . . 4 2 . . . . . 1 Largest Group 2 | . . . . . . 1 2 2 . . . . 1 Highest-Rated Group 44 | . . . . . . 26 36 36 . . . . 44 Highest-Rated Ally 44 | . . . . . . 26 26 26 . . . . 44 Total Orders 10 | . . . 1 . . . . 2 5 . . . 2 EXPLORE 8 | . . . . . . . . 2 4 . . . 2 RETURN 2 | . . . 1 . . . . . 1 . . . . Ally Attacks . | . . . . . . . . . . . . . . Total Damage . | . . . . . . . . . . . . . . Kills . | . . . . . . . . . . . . . . Allies Corrupted . | . . . . . . . . . . . . . . Allies Melted . | . . . . . . . . . . . . . . Intel | -11 -10 -10 -10 -9 -8 -7 -6 -5 -4 -3 -2 -1 -1 ------- Run | Scr Mat Min Exi Min Mat Fac Fac Fac Fac Res Res Acc Com Robot Analysis Total 2 | . . . . . 2 . . . . . . . . Derelict Logs Recovered 3 | . . 1 . 2 . . . . . . . . . Drone Launches 10 | . . . 1 . . . . 2 4 . . . 3 Drone Recoveries 7 | . . . 1 . . . . 2 2 . . . 2 Exploration | -11 -10 -10 -10 -9 -8 -7 -6 -5 -4 -3 -2 -1 -1 ------------- Run | Scr Mat Min Exi Min Mat Fac Fac Fac Fac Res Res Acc Com Turns Passed 11652 | 68 808 735 426 566 2603 1602 876 992 1257 1069 90 231 329 Spaces Moved 13132 | 45 657 603 376 374 1034 2501 1574 1223 1821 1579 242 432 671 Core 2 | 2 . . . . . . . . . . . . . Treads . | . . . . . . . . . . . . . . Legs . | . . . . . . . . . . . . . . Wheels 3087 | 43 657 603 376 374 1034 . . . . . . . . Hover . | . . . . . . . . . . . . . . Flight 10043 | . . . . . . 2501 1574 1223 1821 1579 242 432 671 Fastest Speed 23 | 50 90 110 110 110 95 23 24 28 34 34 29 31 26 Average Speed 47 | 88 93 110 110 111 111 23 25 31 34 34 29 31 26 Slowest Speed 180 | 90 110 110 110 130 180 93 32 32 34 34 34 34 34 Overloaded Moves 14 | . . . . . . . . 14 . . . . . Propulsion Burnouts . | . . . . . . . . . . . . . . Robots Hopped 51 | . . . . . . 7 8 4 14 11 . 4 3 Cave-ins Triggered . | . . . . . . . . . . . . . . Exploration Rate (%) 46 | 3 95 99 71 78 75 55 34 28 34 29 10 16 23 Regions Visited 13 Branch Regions 4 Pre-discovered Areas 2 | . . . 1 1 . . . . . . . . . Known Exits Taken 8 | . 1 1 . . 1 1 1 1 1 . 1 . . Unknown Exits Taken 5 | 1 . . 1 1 . . . . . 1 . 1 . Scrap Searched 6 | . . 4 . 2 . . . . . . . . . Spaces Dug 139 | . 3 . . . 10 31 8 4 14 24 2 10 33 Terrain Destroyed 421 | . 3 7 . 7 42 31 8 4 14 154 2 10 139 Melee 107 | . . . . . 3 31 8 4 14 24 2 10 11 Projectile 26 | . 3 . . 1 22 . . . . . . . . AOE 288 | . . 7 . 6 17 . . . . 130 . . 128 Terrain Rammed . | . . . . . . . . . . . . . . Walls Destroyed . | . . . . . . . . . . . . . . Machines Disabled . | . . . . . . . . . . . . . . Actions | -11 -10 -10 -10 -9 -8 -7 -6 -5 -4 -3 -2 -1 -1 --------- Run | Scr Mat Min Exi Min Mat Fac Fac Fac Fac Res Res Acc Com Total 17723 | 61 761 643 389 499 2280 3413 2005 1783 2394 1966 258 485 786 Wait 3774 | . 28 20 2 108 1037 769 391 521 506 279 2 34 77 Move 13021 | 44 656 602 375 373 1033 2486 1557 1214 1795 1557 241 424 664 Hop 46 | . . . . . . 7 8 4 11 10 . 3 3 Pick Up 112 | 6 12 1 2 2 41 17 4 4 7 13 2 . 1 Fast Attach 71 | 5 3 1 4 . 11 12 6 3 9 9 2 1 5 Attach 61 | 1 . 1 1 4 7 18 3 1 6 10 2 1 6 Detach 41 | . 1 . 3 . 2 10 2 1 8 5 2 2 5 Swap 46 | . 8 . . 1 17 6 4 1 3 5 . 1 . Drop 110 | . 10 2 2 . 22 30 9 6 12 8 5 . 4 Fire 212 | 5 43 16 . 11 106 10 . . . 13 . . 8 Melee 221 | . . . . . 3 48 20 24 35 57 2 19 13 Ram 1 | . . . . . 1 . . . . . . . . Kick . | . . . . . . . . . . . . . . Crush . | . . . . . . . . . . . . . . Escape Stasis 6 | . . . . . . . . 4 2 . . . . Rewire 1 | . . . . . . . 1 . . . . . . Trap . | . . . . . . . . . . . . . . Miscellaneous . | . . . . . . . . . . . . . . Route ------- -11/Scrapyard -10/Materials (discovered 5 exits: *Mat x3 / *Min x2) -10/Mines (discovered 3 exits: *Mat x2 / *Exi) -10/Exiles -9/Mines (discovered 2 exits: *Mat x2) -8/Materials (discovered 4 exits: *Fac x3 / [*Sto]) -7/Factory (discovered 6 exits: *Fac x4 / Low x2) -6/Factory (discovered 6 exits: *Fac x4 / Low x2) -5/Factory (discovered 6 exits: *Fac x4 / *Upp x2) -4/Factory (discovered 9 exits: *Res x4 / *Upp x2 / *Ext x2 / Arm) -3/Research (discovered 3 exits: *Res / *Tes x2) -2/Research (discovered 5 exits: *Acc x3 / Qua x2) -1/Access -1/Command (discovered 2 exits: *Sur x2) To Epsilon Eridani History --------- Turn | Location | Event 19 | -11/Scrapyard | Discovered new exit (range 16) 69 | -11/Scrapyard | Entered Materials 122 | -10/Materials | Discovered new exit (range 16) 310 | -10/Materials | Build established: Mutant 322 | -10/Materials | Discovered new exit (range 5) 505 | -10/Materials | Discovered new exit (range 9) 549 | -10/Materials | Identified exit to Materials 573 | -10/Materials | Discovered new exit (range 16) 573 | -10/Materials | Discovered exit to Materials (range 18) 875 | -10/Materials | Identified exit to Mines 877 | -10/Materials | Entered Mines 887 | -10/Mines | Met a Derelict shopkeep closing up shop 946 | -10/Mines | Learned Materials emergency access door positions 971 | -10/Mines | Discovered new exit (range 5) 979 | -10/Mines | Discovered exit to Materials (range 8) 1281 | -10/Mines | A weapon hastily lodged in a ceiling crevice suddenly fell to the ground 1395 | -10/Mines | Deemed a non-threat by the Exiles lab entrance 1473 | -10/Mines | Discovered exit to Materials (range 7) 1611 | -10/Mines | Identified exit to Exiles 1612 | -10/Mines | Entered Exiles 1640 | -10/Exiles | Met 8R-AWN 1658 | -10/Exiles | Met EX-HEX 1689 | -10/Exiles | Met EX-BIN 1708 | -10/Exiles | Aligned with FarCom system 1709 | -10/Exiles | Given EX-Vault access code 1735 | -10/Exiles | Opened EX-Vault 1745 | -10/Exiles | Found Prototype Device 1745 | -10/Exiles | Identified Cloak of Protection 1751 | -10/Exiles | Found Prototype Device 1751 | -10/Exiles | Identified Supersonic Drone Bay 1766 | -10/Exiles | Found Prototype Processor 1766 | -10/Exiles | Identified Modified TNC 1795 | -10/Exiles | Warned to stay clear of 0b10 Research branches 1825 | -10/Exiles | Met EX-DEC 1839 | -10/Exiles | Learned location of Zion (-7) 1985 | -10/Exiles | Discovered new exit (range 14) 2038 | -10/Exiles | Left Exiles lab with Cloak of Protection 2038 | -10/Exiles | Entered Mines 2058 | -9/Mines | Learned 4 Materials zone layouts 2099 | -9/Mines | Met a Derelict bent on vengeance 2361 | -9/Mines | Discovered new exit (range 9) 2367 | -9/Mines | Received a Rocket Launcher from a helpful Derelict 2426 | -9/Mines | Assembled infested the area 2431 | -9/Mines | Assisted by a Guerilla fighting off Assembled 2461 | -9/Mines | Core integrity fell below 50% 2472 | -9/Mines | System corruption reached 10% 2493 | -9/Mines | Core integrity fell below 20% 2517 | -9/Mines | Lost 8 parts (1p4n3w) 2538 | -9/Mines | Discovered new exit (range 8) 2604 | -9/Mines | Entered Materials 2604 | -8/Materials | Evolved 4 slots: Propulsion x2, Utility x2 2605 | -8/Materials | Identified exit to Factory 2975 | -8/Materials | Build established: Hauler-Mutant 3834 | -8/Materials | Discovered new exit (range 6) 4609 | -8/Materials | Garrison activated, responded to threat 5187 | -8/Materials | Discovered exit to Factory (range 16) 5207 | -8/Materials | Entered Factory 5207 | -7/Factory | Evolved 2 slots: Power x1, Propulsion x1 5502 | -7/Factory | Build established: Sprinter 5874 | -7/Factory | Discovered new exit (range 15) 5926 | -7/Factory | Identified exit to Lower Caves 5927 | -7/Factory | Identified exit to Factory 6027 | -7/Factory | Build established: Hacker-Sprinter 6165 | -7/Factory | Found Prototype Launcher 6165 | -7/Factory | Identified Rocket Array 6561 | -7/Factory | Fabricated Imp. Flight Unit (x1) 6708 | -7/Factory | Local fabrication network quarantined 6743 | -7/Factory | Fabricated Imp. Flight Unit (x1) 6809 | -7/Factory | Entered another Factory area 6809 | -6/Factory | Accompanied by 1 ally 6809 | -6/Factory | Evolved 2 slots: Utility x2 6916 | -6/Factory | Identified exit to Lower Caves 6916 | -6/Factory | Identified exit to Factory 6991 | -6/Factory | Fabricated Imp. Hacking Suite? 7101 | -6/Factory | Central database locked down 7172 | -6/Factory | Repaired Imp. Flight Unit 7246 | -6/Factory | Fabricated Imp. Hacking Suite? 7513 | -6/Factory | Fabricated Field Propulsion Array (x2) 7685 | -6/Factory | Entered another Factory area 7685 | -5/Factory | Accompanied by 2 allies 7685 | -5/Factory | Evolved 2 slots: Utility x2 7924 | -5/Factory | Discovered new exit (range 18) 7930 | -5/Factory | Fabricated Field Propulsion Array? 8404 | -5/Factory | Discovered new exit (range 8) 8484 | -5/Factory | Discovered new exit (range 19) 8566 | -5/Factory | Identified exit to Upper Caves 8566 | -5/Factory | Identified exit to Factory 8677 | -5/Factory | Entered another Factory area 8677 | -4/Factory | Evolved 2 slots: Propulsion x1, Utility x1 8881 | -4/Factory | Discovered new exit (range 10) 8974 | -4/Factory | Build established: Hacker-Mutant 8977 | -4/Factory | Identified exit to Upper Caves 8977 | -4/Factory | Identified exit to Extension 8977 | -4/Factory | Identified exit to Armory 9194 | -4/Factory | Identified exit to Research 9934 | -4/Factory | Entered Research 9934 | -3/Research | Evolved 2 slots: Utility x2 9961 | -3/Research | Found Prototype Processor 9961 | -3/Research | Identified Exp. Terrain Scan Processor 10061 | -3/Research | Discovered new exit (range 6) 10394 | -3/Research | Discovered new exit (range 16) 10484 | -3/Research | Repaired Adv. Transmission Jammer? 10709 | -3/Research | Lost 3 parts (1p1n1u) 10768 | -3/Research | Identified exit to Testing 10964 | -3/Research | System corruption reached 10% 11003 | -3/Research | Entered another Research area 11003 | -2/Research | Evolved 2 slots: Propulsion x1, Utility x1 11008 | -2/Research | Found Prototype Launcher 11008 | -2/Research | Identified Gui. Micro-nuke Launcher 11011 | -2/Research | Found Gui. Micro-nuke Launcher 11017 | -2/Research | Identified exit to Access 11017 | -2/Research | Identified exit to Quarantine 11093 | -2/Research | Entered Access 11093 | -1/Access | Evolved 2 slots: Propulsion x1, Utility x1 11310 | -1/Access | Spotted B-99 Colossus 11310 | -1/Access | Spotted B-99 Colossus 11319 | -1/Access | Build established: Hacker-Sprinter 11321 | -1/Access | Discovered new exit (range 5) 11324 | -1/Access | Entered Command 11330 | -1/Command | Identified exit to Surface 11343 | -1/Command | Found Antimissile System 11350 | -1/Command | Lost 4 parts (1p1n2u) 11355 | -1/Command | Spotted B-99 Colossus 11516 | -1/Command | Spotted Combat Programmer 11568 | -1/Command | Spotted Striker 11569 | -1/Command | Spotted Alpha 7 11569 | -1/Command | Spotted Executioner 11569 | -1/Command | Spotted Executioner 11570 | -1/Command | Spotted Striker 11571 | -1/Command | Spotted Executioner 11573 | -1/Command | Spotted Alpha 7 11581 | -1/Command | Spotted Executioner 11638 | -1/Command | Spotted B-99 Colossus 11638 | -1/Command | Spotted B-99 Colossus 11653 | *** | Escaped! Last Messages --------------- 11642_ K-01 Serf collects debris. 11643_ B-99 Colossus activates siege mode. 11643_ Impulse Thruster destroyed. 11643_ Lgt. Particle Reactor destroyed. 11643_ Slug penetrates Wall. 11643_ Field Propulsion Array destroyed. 11643_ Penetrated by Slug. 11643_ Slug penetrates Wall. 11643_ Penetrated by Slug. 11643_ Slug penetrates Wall. 11645_ Overheating: Energy bleed (-26). 11645_ The unstable cave ceiling collapses. 11645_ Slug penetrates Earth. 11646_ K-01 Serf collects debris. 11646_ Slug penetrates Earth. 11646_ Penetrated by Slug. 11649_ Adv. Drone Bay destroyed. 11649_ Penetrated by Slug. 11650_ The unstable cave ceiling collapses. 11650_ The Access Shell folds into the floor. Map ----- +----------------------------------------------------+ | ??????????? ????????????????????????????????? | | #####??????# #?###+##+#???????????????????????? | | #??????# #?? #???????????????????????? | | #??????# #?? #???????????????????????? | | #??????# #??? ????######??????????????? | | #??????# #??? ????# #??????????????? | | #??????# #???? ?????# #??????????????? | | #####??????# #???? ????## = #??????????????? | | ############ ######+###### #??????????????? | | / ####???????????? | | ### # ##??????????? | | ### ! #??????????? | | ## ###????????? | | "######"###"############### #????????? | | "#????????????????????????### #????????? | | "#??????????????????????????# # ##???????? | | #"##????????????????????????# # #???????? | | ###??????????????????????# #???????? | | ""#??????????????????????#### #???????# | | ""###?????????############### #???????# | | Y" #?####????# ### ##???????# | | "" ##?# "###### #?# # #????????# | | ## # # ^ ^^^ #?# ############ | | ### # ^ ^ ### + + | | ^^ ### ###### # | | K "@ ### ! ###### # | | "" #?###### # | | s s #?????BB # | | p #?????BB # | | % s s # ^ ^^ #????### "" + | | K ## #??????# """" # | | ########### #??????# """" # | | #?????????###############??????# "" + | | " #???????????????????###????????# # | | " #???????????????????#"########## # | | " #???????????????????# ## # | | #???????????????????# ## !! # | | #???????????????????# ## ! # | | #####/##???????????????????# " # | | ##### #########?# ############+##### # | | EEY E #???# | | ######"########????????##### #???# | | ####?# #???????????????????# #???# "" | | = ###"##################### ##### """ | | #!! / T" ^ | | #!% ##?# """ | | #! #??# ####### "" | | " # #??# # ! ##+##+##### | | " # ! #??# # # # | | # #??# # + / | +----------------------------------------------------+ Best States ------------- Heat Dissipation 52 Energy Generation 49 Energy Capacity 565 Matter Stores 300 Matter Capacity 300 Sight Range 22 Terrain Scan Density 1010 Jamming Range 16 Cloak Strength 5 Armor Coverage 1200 Evasion (%) 76 Melee Accuracy 8 Target Analysis 8 Offensive Hacking 46 Defensive Hacking 12 Item Schematics ----------------- Hacking Suite | -7/Factory | Hacked Imp. Flight Unit | -7/Factory | Hacked Imp. Hacking Suite | -6/Factory | Hacked Field Propulsion Array | -6/Factory | Hacked Robot Schematics ------------------ None Fabricated ------------ Imp. Flight Unit | x1 | -7/Factory Imp. Flight Unit | x1 | -7/Factory Imp. Hacking Suite | x1 | -6/Factory Imp. Hacking Suite | x1 | -6/Factory Field Propulsion Array | x2 | -6/Factory Field Propulsion Array | x2 | -5/Factory Alien Tech Used ----------------- None Achievements -------------- None Challenges ------------ None Game ------ Seed CryofiberCentriumDissipator Manual? 0 Play Time 05:32:23 Cumulative 832.7 hours Start 2020.09.16 @ 18:07:02 End 2020.09.18 @ 23:17:32 Sessions 7 Manual Loads 0 Difficulty Rogue Special Mode None Game No. 138 Rogue 138 Adventurer 0 Explorer 0 Win Type 0 Total 2 Types 2/0/0/0/0/0/0/0/0 Lore% 52 Gallery% 66 Achievement% 55 Wizard Run 0 Options --------- ASCII 0 Keyboard 1 Movement Numpad Keybinds 0 Fullscreen 1 Font 18/SmallcapsGlow Map View 76x50 Tactical HUD 1 Map Filters NONE Filters NONE Steam 1 RUN: 62284a6f-d8fd-41e4-9d1a-f543e3bcaa80